Map: [ESL] Data-C

Players

Future - Winner!

  • Race: Terran Terran
  • Spawn Location: 3:00

DisK

  • Race: Protoss Protoss
  • Spawn Location: 9:00

Event: DreamHack SC2 Masters 2022 Atlanta (Online)

VOD

Have the link to the VOD?

Description

Time

  • Played on: Oct. 4, 2022, 4:49 p.m.
  • Length: 9:34

All games in this series

Show
View Real Time Build Order
Export as new Build Order

Future Terran - Winner!

Build Orders: 1/1/1, Widow Mine Drop 

Get SALT Encoding   

  12  0:00  SCV  
  13  0:12  SCV  
  14  0:18  Supply Depot  
  14  0:24  SCV  
  15  0:39  SCV  
  15  0:40  Barracks  
  16  0:47  Refinery  
  16  0:51  SCV  
  16  0:56  Refinery  
  17  1:03  SCV  
  18  1:16  SCV  
  19  1:28  Orbital Command, Marine  
  20  1:35  Factory  
  20  1:50  Barracks Reactor  
  20  1:53  Supply Depot  
  20  1:56  SCV  
  21  2:08  SCV  
  22  2:19  Widow Mine, Starport  
  22  2:20  SCV  
  25  2:26  Marine  
  25  2:27  Marine  
  27  2:32  Supply Depot  
  27  2:34  SCV  
  28  2:40  Factory Tech Lab  
  28  2:46  SCV, Marine x2  
  31  2:56  Medivac  
  34  3:05  Siege Tank  
  36  3:06  Marine  
  36  3:09  Marine  
  38  3:14  Supply Depot  
  38  3:25  Marine  
  39  3:29  Marine  
  38  3:35  Viking  
  38  3:39  Supply Depot  
  40  3:42  Siege Tank  
  40  3:46  Marine  
  40  3:47  Marine  
  43  4:04  Marine x2  
  48  4:10  Viking  
  47  4:22  Marine x2  
  47  4:33  Siege Tank  
  50  4:40  Marine x2  
  49  4:50  Bunker  
  49  4:52  Liberator, Bunker  
  52  4:57  Supply Depot  
  52  4:58  Marine x2  
  52  5:10  Siege Tank  
  55  5:18  Marine x2  
  55  5:20  Supply Depot  
  57  5:37  Marine x2  
  57  5:42  Siege Tank  
  60  5:55  Marine x2  
  59  6:01  Viking  
  61  6:13  Marine x2  
  61  6:15  Siege Tank  
  60  6:30  Marine  
  61  6:38  Marine  
  60  6:42  SCV  
  60  6:43  Supply Depot  
  52  6:54  SCV  
  51  7:01  Barracks  
  51  7:02  Barracks x2  
  50  7:14  Viking  
  48  7:44  Marine  
  46  7:53  Marine  
  46  7:54  Marine x2  
  40  8:01  Marine  
  40  8:02  Widow Mine  
  40  8:03  Viking  
  45  8:11  Marine  
  46  8:16  Marine x2  
  46  8:19  Marine  
  48  8:29  Marine  
  48  8:31  Widow Mine  
  49  8:34  Marine x2  
  49  8:37  Marine  
  46  8:47  Marine  
  44  8:52  Marine x2  
  44  8:55  Marine  
  44  9:01  Viking  
  44  9:05  Marine  
  44  9:09  Marine  
  45  9:10  Marine  
  45  9:13  Marine  
Show
View Real Time Build Order
Export as new Build Order

DisK Protoss 

Build Orders: 1 Gate Expand 

Get SALT Encoding   

  12  0:00  Probe  
  13  0:12  Probe  
  14  0:17  Pylon  
  14  0:25  Probe (Chrono Boost)  
  15  0:35  Gateway  
  15  0:37  Probe (Chrono Boost)  
  16  0:46  Probe (Chrono Boost)  
  16  0:47  Assimilator  
  17  0:51  Probe  
  18  1:03  Probe  
  19  1:15  Probe  
  20  1:22  Cybernetics Core  
  20  1:27  Zealot  
  22  1:41  Nexus  
  22  1:48  Pylon  
  22  1:51  Probe  
  23  1:57  Assimilator  
  23  2:03  Stalker (Chrono Boost)  
  25  2:09  Probe  
  25  2:10  Warp Gate (Chrono Boost)  
  26  2:23  Shield Battery  
  26  2:26  Probe  
  27  2:33  Stalker  
  29  2:38  Probe  
  30  2:51  Robotics Facility  
  30  2:56  Probe  
  31  3:01  Probe  
  29  3:05  Stalker  
  31  3:14  Gateway  
  31  3:26  Probe  
  32  3:34  Pylon  
  33  3:38  Probe  
  33  3:40  Immortal (Chrono Boost)  
  33  3:59  Probe  
  33  4:01  Probe  
  35  4:09  Sentry x2  
  39  4:11  Probe  
  40  4:17  Probe  
  40  4:23  Probe  
  42  4:32  Probe, Stalker  
  42  4:33  Stalker  
  42  4:36  Probe  
  44  4:42  Immortal (Chrono Boost)  
  42  4:51  Shield Battery  
  42  4:58  Stalker  
  43  5:02  Zealot  
  43  5:06  Probe  
  42  5:24  Probe x2  
  42  5:26  Warp Prism (Chrono Boost)  
  46  5:38  Zealot x2  
  50  5:43  Probe  
  50  5:44  Shield Battery  
  47  5:59  Stalker x2  
  51  6:13  Shield Battery  
  51  6:14  Shield Battery  
  51  6:30  Pylon  
  51  6:32  Pylon  
  51  6:46  Pylon  
  51  6:53  Gateway  
  51  7:00  Pylon x2  
  51  7:13  Zealot x2  
  42  7:25  Probe  
  39  7:36  Sentry x2  
  43  7:37  Probe  
  43  7:40  Shield Battery  
  15  7:59  Stalker x2  
  15  8:00  Stalker  
  21  8:16  Probe  
  22  8:32  Stalker  
  18  8:56  Stalker  
  20  9:08  Sentry  
  23  9:17  Probe  
Tags
 
Add a new tag
Caveats
  • Supply blocks, unpowered buildings, or Contaminate may cause inaccurate times.
  • Supply counts are checked every 10 seconds.